 Dungeon Crawl Stone Soup version 0.23-a0-370-gf497b7c (webtiles) character file.

8161 Gorice the Fighter (level 11, 0/89 HPs)
             Began as a Gnoll Wanderer on Oct 24, 2018.
             Was a High Priest of Okawaru.
             Slain by a kobold
             ... wielding a +0 short sword
              (1 damage)
             ... on level 9 of the Dungeon.
             The game lasted 00:36:27 (10417 turns).

Gorice the Fighter (Gnoll Wanderer)                Turns: 10417, Time: 00:36:29

Health: 0/89       AC: 17    Str: 17    XL:     11   Next: 26%
Magic:  20/20      EV:  8    Int: 14    God:    Okawaru [*****.]
Gold:   443        SH:  4    Dex: 16    Spells: 22/22 levels left

rFire    . . .     SeeInvis .   a - +9 war axe "Akyng" {flame, Stlth+}
rCold    . . .     Gourm    .   (no shield)
rNeg     + . .     Faith    .   e - +0 plate armour
rPois    .         Spirit   .   D - +0 helmet
rElec    .         Reflect  +   G - +2 cloak
rCorr    .         Harm     .   (no gloves)
MR       .....                  (no boots)
Stlth    ..........             E - +4 amulet of reflection (curse)
HPRegen  0.24/turn              N - ring of positive energy
MPRegen  0.17/turn              (no ring)

@: lethally poisoned (0 -> -19), slowed, very slow
A: distributed training, fangs 1, strong nose
a: Heroism, Finesse, Renounce Religion


You were on level 9 of the Dungeon.
You worshipped Okawaru.
Okawaru was extremely pleased with you.
You were not hungry.

You visited 2 branches of the dungeon, and saw 10 of its levels.

You collected 443 gold pieces.

Inventory:

Hand Weapons
 a - the +9 war axe "Akyng" (weapon) {flame, Stlth+}
   (You found it on level 8 of the Dungeon)

   It has been specially enchanted to burn those struck by it, causing extra
   injury to most foes and up to half again as much damage against particularly
   susceptible opponents.
   Big, fiery blades are also staple armaments of hydra-hunters.
   It makes you more stealthy.
 b - a +0 hunting sling
 m - a +0 quarterstaff
 t - a cursed +4 scimitar
 B - a +0 blowgun
 L - a +3 falchion
 P - a +0 scimitar
Missiles
 h - 57 poisoned needles
 j - 11 tomahawks (quivered)
 o - 71 bolts
 p - 144 sling bullets
 s - 148 arrows
 Y - 470 stones
 Z - 4 throwing nets {!f}
Armour
 e - a +0 plate armour (worn)
 q - a +1 chain mail
 w - a +7 plate armour of ponderousness
   (Okawaru gifted it to you on level 9 of the Dungeon)
 x - a scarf of spirit shield
   (You found it on level 9 of the Dungeon)
 D - a +0 helmet (worn)
 G - a +2 cloak (worn)
Magical Staves
 v - an uncursed staff of conjuration
Jewellery
 E - a cursed +4 amulet of reflection (around neck)
 N - a ring of positive energy (left hand)
Wands
 J - a wand of paralysis (12)
Scrolls
 d - a scroll of enchant weapon
 r - 6 scrolls of teleportation {!r}
 y - 15 scrolls of remove curse
 C - a scroll of amnesia
 F - 6 scrolls of identify
 H - a scroll of enchant armour
 K - a scroll of magic mapping {!r}
 M - 2 scrolls of blinking
Potions
 c - 4 potions of lignification {!q}
 i - 6 potions of curing
 k - 2 potions of cancellation {!q}
 l - 3 potions of resistance {!q}
 n - 4 potions of flight
 u - 2 potions of berserk rage
 z - a potion of brilliance {!q}
 A - a potion of might {!q}
Comestibles
 f - 18 rations


   Skills:
 + Level 9.0 Fighting
 + Level 6.0 Short Blades
 + Level 7.6 Long Blades
 + Level 6.0 Axes
 + Level 6.0 Maces & Flails
 + Level 6.0 Polearms
 + Level 6.6 Staves
 + Level 6.0 Slings
 + Level 6.0 Bows
 + Level 6.0 Crossbows
 + Level 6.6 Throwing
 + Level 6.0 Armour
 + Level 6.6 Dodging
 + Level 6.5 Stealth
 + Level 6.6 Shields
 + Level 6.0 Unarmed Combat
 + Level 6.0 Spellcasting
 + Level 5.0 Conjurations
 + Level 5.0 Hexes
 + Level 5.0 Charms
 + Level 5.0 Summonings
 + Level 5.0 Necromancy
 + Level 5.0 Translocations
 + Level 5.0 Transmutations
 + Level 5.0 Fire Magic
 + Level 5.0 Ice Magic
 + Level 5.0 Air Magic
 + Level 5.0 Earth Magic
 + Level 5.0 Poison Magic
 + Level 6.6 Invocations
 + Level 6.0 Evocations


You had 22 spell levels left.
You didn't know any spells.
Your spell library contained the following spells:

 Spells                   Type           Power        Failure   Level  Hunger
 Beastly Appendage        Tmut           ###...       58%         1    None
 Magic Dart               Conj           ###.         58%         1    None
 Sandblast                Erth           ###...       58%         1    None
 Blink                    Tloc           N/A          75%         2    #......
 Call Imp                 Summ           ###.....     75%         2    #......
 Passwall                 Tmut/Erth      ###.....     75%         2    #......
 Slow                     Hex            ###.....     75%         2    #......
 Sticks to Snakes         Tmut           ###.....     75%         2    #......
 Conjure Flame            Conj/Fire      ###.....     92%         3    ###....
 Mephitic Cloud           Conj/Pois/Air  ###.....     92%         3    ###....
 Spider Form              Tmut/Pois      ###.......   92%         3    ###....
 Stone Arrow              Conj/Erth      ###...       92%         3    ###....
 Ice Form                 Ice/Tmut       ###.....     100%        4    ####...
 Petrify                  Tmut/Erth      ###.....     100%        4    ####...
 Blade Hands              Tmut           ###.......   100%        5    ######.
 Lee's Rapid Deconstruct  Erth           ###.......   100%        5    ######.


Dungeon Overview and Level Annotations

Branches:
Dungeon (9/15)             Temple (1/1) D:7
   Lair: D:8-11         Orc: D:9-12

Altars:
Ashenzari
Cheibriados
Dithmenos
Elyvilon
Fedhas
Gozag
Hepliaklqana
Kikubaaqudgha
Makhleb
Nemelex Xobeh
Okawaru
Qazlal
Ru
Sif Muna
Trog
Uskayaw
Vehumet
Wu Jian
Xom
Yredelemnul
Zin
The Shining One

Shops:
D:5 [   D:6 [}}?!

Annotations:
D:3 1 runed door
D:7 2 transporters, George's ghost, novice MiFi


Innate Abilities, Weirdness & Mutations

Your experience applies equally to all skills.
You have very sharp teeth.
Your uncanny sense of smell can sniff out nearby items.


Message History

The javelin hits the big kobold!!
The big kobold is almost dead.
You hear a shout! x2
A kobold comes into view.
It is wielding a +2 short sword of venom.
Throwing (i - inventory. (/) - cycle)
O - a javelin (quivered)
Press: ? - help, Shift-Dir - straight line, f/p - big kobold
Aim: a big kobold (almost dead)
You throw a javelin. The javelin misses the big kobold.
The kobold unwields a +0 short sword.
The kobold wields a +0 blowgun.
The kobold shoots a curare-tipped needle.
The curare-tipped needle hits you.
You are poisoned.
You have difficulty breathing.
* * * LOW HITPOINT WARNING * * *
You feel yourself slow down.
Damage: 8 (max 8)
You feel very sick.
Damage: 3 (max 8)
You feel sick.
Damage: 2 (max 2)
You feel sick.
There is an open door here.
You feel sick.
The big kobold hits you but does no damage.
Damage: 2 (max 2)
You slash the big kobold! You burn the big kobold.
You kill the big kobold!
Okawaru accepts your kill.
You feel sick.
The kobold shoots a curare-tipped needle.
The curare-tipped needle hits you.
You are more poisoned.
You have difficulty breathing.
* * * LOW HITPOINT WARNING * * *
You feel as though you will be slow longer.
A kobold comes into view.
The kobold shoots a curare-tipped needle.
The curare-tipped needle hits you.
You are lethally poisoned!
You have difficulty breathing.
* * * LOW HITPOINT WARNING * * *
You feel as though you will be slow longer.
Damage: 17 (max 17) Unknown command.
* * * LOW HITPOINT WARNING * * *
You feel very sick.
A kobold comes into view.
It is wielding a +0 short sword and carrying a wand The kobold unwields a +0 blowgun.
The kobold wields a +0 short sword.
The kobold hits you with a +0 short sword.
You die...

.^..§..≈#.# #÷.##..#..#
§#^..§#...# ###.......#.#
#...§###^.####.........§§#
≈#^.≈≈≈.^.........##.§§§§#
.....^^^^.............§§.#
.§._.............K.##.+..#
§≈≈.^..^^.####)#K#.......#
§^^..#^#..#....#(#.......#
≈.§...#.^.#.##.#@#.......########
##..≈#^.^.#.####K##..............
....^^.≈..#)[†..K..K.(K..(.......
###......#######'##.###(...(....Y
########.....)))#..###+.##...##
#.....)..##.# #...#...#
#........##.###.#.#...#
#........##.....#.....#
#........##..##.##.Y..#


You could see 4 kobolds.

Vanquished Creatures
  Harold (D:8)
  6 death yaks (D:9)
  Psyche (D:8)
  2 hippogriffs
  A dream sheep (D:4)
  3 yaks (D:8)
  2 ice beasts
  An orc warrior (D:9)
  2 sky beasts
  3 ogres
  2 centaurs
  2 big kobolds
  5 bullfrogs
  3 scorpions
  3 wights (D:9)
  3 howler monkeys (D:7)
  A crimson imp (D:6)
  A quasit (D:7)
  A bullfrog zombie (D:9)
  A centaur skeleton (D:5)
  3 jellies
  Crazy Yiuf (D:5)
  2 orc priests (D:3)
  4 hounds
  An iguana (D:5)
  3 orc wizards
  2 worker ants
  2 hound skeletons (D:7)
  3 gnolls
  7 adders
  3 shadow imps
  2 oozes
  2 worms (D:2)
  2 dart slugs
  5 leopard geckos
  30 orcs
  A ball python (D:5)
  5 bats
  8 hobgoblins
  4 jackals (D:2)
  3 quokkas (D:2)
  5 frilled lizards
  7 goblins
  A jackal zombie (D:6)
  13 kobolds
  A leopard gecko skeleton (D:5)
  A leopard gecko zombie (D:5)
  3 rats
  A fungus (D:5)
169 creatures vanquished.

Vanquished Creatures (others)
  4 dream sheep (D:4)
  A black bear (D:7)
5 creatures vanquished.

Grand Total: 174 creatures vanquished

Notes
Turn   | Place    | Note
-------+----------+-------------------------------------------
     0 | D:1      | Gorice the Gnoll Wanderer began the quest for the Orb.
     0 | D:1      | Gorice set off with: a +2 falchion, a +0 short sword, a
                  | potion of lignification {!q}, a +0 robe, a ration
     0 | D:1      | Reached XP level 1. HP: 23/23 MP: 1/1
    84 | D:1      | Reached XP level 2. HP: 17/29 MP: 2/2
  1038 | D:2      | Reached XP level 3. HP: 33/35 MP: 3/3
  1121 | D:2      | Reached skill level 1 in Invocations
  1275 | D:2      | Reached skill level 1 in Short Blades
  1275 | D:2      | Reached skill level 1 in Axes
  1275 | D:2      | Reached skill level 1 in Maces & Flails
  1275 | D:2      | Reached skill level 1 in Polearms
  1275 | D:2      | Reached skill level 1 in Slings
  1275 | D:2      | Reached skill level 1 in Bows
  1275 | D:2      | Reached skill level 1 in Crossbows
  1275 | D:2      | Reached skill level 1 in Armour
  1275 | D:2      | Reached skill level 1 in Unarmed Combat
  1275 | D:2      | Reached skill level 1 in Spellcasting
  1275 | D:2      | Reached skill level 1 in Evocations
  1275 | D:2      | Reached XP level 4. HP: 41/41 MP: 5/5
  1339 | D:2      | Found a white marble altar of Elyvilon.
  1674 | D:2      | Found a sparkling altar of Nemelex Xobeh.
  2049 | D:3      | Noticed a hippogriff
  2069 | D:3      | HP: 14/61 [hippogriff (7)]
  2071 | D:3      | HP: 6/61 [hippogriff (4)]
  2073 | D:3      | Killed a hippogriff
  2073 | D:3      | Reached skill level 3 in Staves
  2073 | D:3      | Reached skill level 3 in Throwing
  2073 | D:3      | Reached skill level 3 in Dodging
  2073 | D:3      | Reached skill level 3 in Stealth
  2073 | D:3      | Reached skill level 3 in Shields
  2073 | D:3      | Reached skill level 1 in Conjurations
  2073 | D:3      | Reached skill level 1 in Hexes
  2073 | D:3      | Reached skill level 1 in Charms
  2073 | D:3      | Reached skill level 1 in Summonings
  2073 | D:3      | Reached skill level 1 in Necromancy
  2073 | D:3      | Reached skill level 1 in Translocations
  2073 | D:3      | Reached skill level 1 in Transmutations
  2073 | D:3      | Reached skill level 1 in Fire Magic
  2073 | D:3      | Reached skill level 1 in Ice Magic
  2073 | D:3      | Reached skill level 1 in Air Magic
  2073 | D:3      | Reached skill level 1 in Earth Magic
  2073 | D:3      | Reached skill level 1 in Poison Magic
  2073 | D:3      | Reached skill level 2 in Invocations
  2073 | D:3      | Reached XP level 5. HP: 5/47 MP: 5/7
  2073 | D:3      | Reached XP level 6. HP: 6/53 MP: 5/8
  2778 | D:3      | Found a white marble altar of Elyvilon.
  2778 | D:3      | Noticed an angel
  2779 | D:3      | Found a runed door.
  2871 | D:3      | Found a radiant altar of Vehumet.
  3029 | D:3      | Reached skill level 5 in Long Blades
  3040 | D:3      | Reached skill level 2 in Short Blades
  3040 | D:3      | Reached skill level 2 in Axes
  3040 | D:3      | Reached skill level 2 in Maces & Flails
  3040 | D:3      | Reached skill level 2 in Polearms
  3040 | D:3      | Reached skill level 2 in Slings
  3040 | D:3      | Reached skill level 2 in Bows
  3040 | D:3      | Reached skill level 2 in Crossbows
  3040 | D:3      | Reached skill level 2 in Armour
  3040 | D:3      | Reached skill level 2 in Unarmed Combat
  3040 | D:3      | Reached skill level 2 in Spellcasting
  3040 | D:3      | Reached skill level 2 in Evocations
  3532 | D:3      | HP: 15/53 [poisoned by a scorpion]
  3538 | D:3      | HP: 14/53 [poisoned by a scorpion]
  3546 | D:3      | HP: 13/53 [poisoned by a scorpion]
  4088 | D:4      | Found a shimmering altar of Xom.
  4088 | D:4      | Noticed a dream sheep
  4088 | D:4      | Noticed a dream sheep
  4088 | D:4      | Noticed a dream sheep
  4088 | D:4      | Noticed a dream sheep
  4088 | D:4      | Noticed a dream sheep
  4091 | D:4      | Killed a dream sheep
  4091 | D:4      | Killed a dream sheep
  4091 | D:4      | Reached XP level 7. HP: 59/59 MP: 10/10
  4092 | D:4      | Killed a dream sheep
  4092 | D:4      | Reached skill level 7 in Fighting
  4092 | D:4      | Killed a dream sheep
  4094 | D:4      | Killed a dream sheep
  4152 | D:4      | Found a sacrificial altar of Ru.
  4154 | D:4      | Found a deep blue altar of Sif Muna.
  4260 | D:4      | Reached skill level 2 in Conjurations
  4260 | D:4      | Reached skill level 2 in Hexes
  4260 | D:4      | Reached skill level 2 in Charms
  4260 | D:4      | Reached skill level 2 in Summonings
  4260 | D:4      | Reached skill level 2 in Necromancy
  4260 | D:4      | Reached skill level 2 in Translocations
  4260 | D:4      | Reached skill level 2 in Transmutations
  4260 | D:4      | Reached skill level 2 in Fire Magic
  4260 | D:4      | Reached skill level 2 in Ice Magic
  4260 | D:4      | Reached skill level 2 in Air Magic
  4260 | D:4      | Reached skill level 2 in Earth Magic
  4260 | D:4      | Reached skill level 2 in Poison Magic
  4306 | D:4      | HP: 12/60 [gnoll/+0 halberd (11)]
  5002 | D:4      | Found a glowing golden altar of the Shining One.
  5012 | D:4      | Found a basalt altar of Yredelemnul.
  5014 | D:4      | Noticed a profane servitor
  5251 | D:5      | Entered Level 5 of the Dungeon
  5613 | D:5      | Reached skill level 3 in Invocations
  5626 | D:5      | Reached XP level 8. HP: 40/67 MP: 12/12
  5739 | D:5      | Reached skill level 3 in Short Blades
  5739 | D:5      | Reached skill level 3 in Axes
  5739 | D:5      | Reached skill level 3 in Maces & Flails
  5739 | D:5      | Reached skill level 3 in Polearms
  5739 | D:5      | Reached skill level 4 in Staves
  5739 | D:5      | Reached skill level 3 in Slings
  5739 | D:5      | Reached skill level 3 in Bows
  5739 | D:5      | Reached skill level 3 in Crossbows
  5739 | D:5      | Reached skill level 4 in Throwing
  5739 | D:5      | Reached skill level 3 in Armour
  5739 | D:5      | Reached skill level 4 in Dodging
  5739 | D:5      | Reached skill level 4 in Shields
  5739 | D:5      | Reached skill level 3 in Unarmed Combat
  5739 | D:5      | Reached skill level 3 in Spellcasting
  5739 | D:5      | Reached skill level 3 in Evocations
  5805 | D:5      | Found an ancient bone altar of Kikubaaqudgha.
  5809 | D:5      | Found an opulent altar of Gozag.
  5835 | D:5      | Found a shimmering altar of Xom.
  5854 | D:5      | Found Gipeph's Antique Armour Boutique.
  6173 | D:5      | Found a runed door.
  6178 | D:5      | Noticed Crazy Yiuf
  6184 | D:5      | Killed Crazy Yiuf
  6236 | D:6      | Found Qinug's Gadget Boutique.
  6303 | D:6      | Found Gaciomm's Antique Armour Shoppe.
  6333 | D:6      | Reached skill level 4 in Stealth
  6432 | D:6      | Found Mefrialu's Gadget Emporium.
  6595 | D:6      | Found Losubair's Distillery.
  6611 | D:6      | Found Rank's Magic Scroll Shoppe.
  7221 | D:7      | Reached skill level 3 in Conjurations
  7221 | D:7      | Reached skill level 3 in Hexes
  7221 | D:7      | Reached skill level 3 in Charms
  7221 | D:7      | Reached skill level 3 in Summonings
  7221 | D:7      | Reached skill level 3 in Necromancy
  7221 | D:7      | Reached skill level 3 in Translocations
  7221 | D:7      | Reached skill level 3 in Transmutations
  7221 | D:7      | Reached skill level 3 in Fire Magic
  7221 | D:7      | Reached skill level 3 in Ice Magic
  7221 | D:7      | Reached skill level 3 in Air Magic
  7221 | D:7      | Reached skill level 3 in Earth Magic
  7221 | D:7      | Reached skill level 3 in Poison Magic
  7221 | D:7      | Reached skill level 4 in Invocations
  7315 | D:7      | Found a transporter.
  7315 | D:7      | Noticed George's ghost (novice MiFi)
  7341 | D:7      | Found a transporter.
  7427 | D:7      | Reached XP level 9. HP: 71/72 MP: 14/14
  7438 | D:7      | Reached skill level 6 in Long Blades
  7732 | D:7      | Found a staircase to the Ecumenical Temple.
  7988 | Temple   | Entered the Ecumenical Temple
  8045 | Temple   | Became a worshipper of Warmaster Okawaru
  8561 | D:8      | Got a fine war axe
  8565 | D:8      | Identified the +9 war axe "Akyng" {flame, Stlth+} (You
                  | found it on level 8 of the Dungeon)
  8566 | D:8      | --nice!
  8603 | D:8      | Reached skill level 4 in Short Blades
  8603 | D:8      | Reached skill level 4 in Axes
  8603 | D:8      | Reached skill level 4 in Maces & Flails
  8603 | D:8      | Reached skill level 4 in Polearms
  8603 | D:8      | Reached skill level 4 in Slings
  8603 | D:8      | Reached skill level 4 in Bows
  8603 | D:8      | Reached skill level 4 in Crossbows
  8603 | D:8      | Reached skill level 4 in Armour
  8603 | D:8      | Reached skill level 4 in Unarmed Combat
  8603 | D:8      | Reached skill level 4 in Spellcasting
  8603 | D:8      | Reached skill level 4 in Evocations
  8737 | D:8      | Noticed Harold
  8754 | D:8      | Killed Harold
  8754 | D:8      | Reached * piety under Okawaru
  8754 | D:8      | Reached skill level 8 in Fighting
  8754 | D:8      | Reached skill level 5 in Staves
  8754 | D:8      | Reached skill level 5 in Throwing
  8754 | D:8      | Reached skill level 5 in Dodging
  8754 | D:8      | Reached skill level 5 in Stealth
  8754 | D:8      | Reached skill level 5 in Shields
  8754 | D:8      | Reached skill level 5 in Invocations
  9335 | D:8      | Noticed Psyche
  9345 | D:8      | Killed Psyche
  9405 | D:8      | Reached ** piety under Okawaru
  9405 | D:8      | Reached XP level 10. HP: 42/80 MP: 17/17
  9409 | D:8      | Reached skill level 4 in Conjurations
  9409 | D:8      | Reached skill level 4 in Hexes
  9409 | D:8      | Reached skill level 4 in Charms
  9409 | D:8      | Reached skill level 4 in Summonings
  9409 | D:8      | Reached skill level 4 in Necromancy
  9409 | D:8      | Reached skill level 4 in Translocations
  9409 | D:8      | Reached skill level 4 in Transmutations
  9409 | D:8      | Reached skill level 4 in Fire Magic
  9409 | D:8      | Reached skill level 4 in Ice Magic
  9409 | D:8      | Reached skill level 4 in Air Magic
  9409 | D:8      | Reached skill level 4 in Earth Magic
  9409 | D:8      | Reached skill level 4 in Poison Magic
  9735 | D:9      | Reached skill level 5 in Short Blades
  9735 | D:9      | Reached skill level 5 in Axes
  9735 | D:9      | Reached skill level 5 in Maces & Flails
  9735 | D:9      | Reached skill level 5 in Polearms
  9735 | D:9      | Reached skill level 5 in Slings
  9735 | D:9      | Reached skill level 5 in Bows
  9735 | D:9      | Reached skill level 5 in Crossbows
  9735 | D:9      | Reached skill level 5 in Armour
  9735 | D:9      | Reached skill level 5 in Unarmed Combat
  9735 | D:9      | Reached skill level 5 in Spellcasting
  9735 | D:9      | Reached skill level 5 in Evocations
  9939 | D:9      | Found a stormy altar of Qazlal.
  9963 | D:9      | Found a shadowy altar of Dithmenos.
  9984 | D:9      | Noticed a death yak
 10009 | D:9      | Killed a death yak
 10009 | D:9      | Reached skill level 7 in Long Blades
 10111 | D:9      | Reached *** piety under Okawaru
 10222 | D:9      | Noticed a death yak
 10222 | D:9      | Noticed a death yak
 10257 | D:9      | Killed a death yak
 10257 | D:9      | Reached skill level 6 in Staves
 10257 | D:9      | Reached skill level 6 in Throwing
 10257 | D:9      | Reached skill level 6 in Dodging
 10257 | D:9      | Reached skill level 6 in Stealth
 10257 | D:9      | Reached skill level 6 in Shields
 10257 | D:9      | Reached skill level 6 in Invocations
 10273 | D:9      | Noticed a death yak
 10274 | D:9      | Noticed a death yak
 10275 | D:9      | Noticed a death yak
 10293 | D:9      | Killed a death yak
 10293 | D:9      | Reached **** piety under Okawaru
 10302 | D:9      | Killed a death yak
 10302 | D:9      | Reached ***** piety under Okawaru
 10302 | D:9      | Reached XP level 11. HP: 44/87 MP: 19/19
 10308 | D:9      | HP: 18/87 [death yak (12)]
 10312 | D:9      | Killed a death yak
 10313 | D:9      | HP: 26/87 [death yak (10)]
 10316 | D:9      | HP: 10/87 [death yak (16)]
 10320 | D:9      | Killed a death yak
 10320 | D:9      | Received a gift from Okawaru
 10320 | D:9      | Reached skill level 9 in Fighting
 10320 | D:9      | Reached skill level 6 in Short Blades
 10320 | D:9      | Reached skill level 6 in Axes
 10320 | D:9      | Reached skill level 6 in Maces & Flails
 10320 | D:9      | Reached skill level 6 in Polearms
 10320 | D:9      | Reached skill level 6 in Slings
 10320 | D:9      | Reached skill level 6 in Bows
 10320 | D:9      | Reached skill level 6 in Crossbows
 10320 | D:9      | Reached skill level 6 in Armour
 10320 | D:9      | Reached skill level 6 in Unarmed Combat
 10320 | D:9      | Reached skill level 6 in Spellcasting
 10320 | D:9      | Reached skill level 5 in Conjurations
 10320 | D:9      | Reached skill level 5 in Hexes
 10320 | D:9      | Reached skill level 5 in Charms
 10320 | D:9      | Reached skill level 5 in Summonings
 10320 | D:9      | Reached skill level 5 in Necromancy
 10320 | D:9      | Reached skill level 5 in Translocations
 10320 | D:9      | Reached skill level 5 in Transmutations
 10320 | D:9      | Reached skill level 5 in Fire Magic
 10320 | D:9      | Reached skill level 5 in Ice Magic
 10320 | D:9      | Reached skill level 5 in Air Magic
 10320 | D:9      | Reached skill level 5 in Earth Magic
 10320 | D:9      | Reached skill level 5 in Poison Magic
 10320 | D:9      | Reached skill level 6 in Evocations
 10412 | D:9      | HP: 24/89 [poisoned by kobold (curare-tipped needle)]
 10416 | D:9      | HP: 3/89 [asphyx]
 10417 | D:9      | HP: 1/89 [poisoned by kobold (curare-tipped needle)]
 10417 | D:9      | Slain by a kobold

Vault maps used:
D:1:      dpeg_arrival_shelter
D:2:      marbit_many_paths, nemelex_altar_shiori, serial_forest,
          infiniplex_forest_lined_corner, infiniplex_forest_clump_tiny,
          infiniplex_forest_clump_diagonal, infiniplex_forest_lined_3,
          infiniplex_forest_lined_3, infiniplex_forest_zigzag_1,
          infiniplex_forest_end_2, infiniplex_forest_straight_2
D:3:      lemuel_coloured_pillars_altar, hangedman_decor_push,
          amethyst_killhole, dk_noncrumbling_4, lemuel_angel_altar
D:4:      grunt_temple_overflow_holy_war,
          chequers_temple_overflow_statue_of_worship, first_ration,
          kb_xom_exploding_sheep
D:5:      cheibrodos_fzero, grunt_temple_overflow_open, serial_shops,
          nicolae_shop_waterfront, bh_chokoban, uniq_crazy_yiuf_cottage
D:6:      serial_shops, shop, shop, shop,
          nicolae_shop_temple_entry_statues_fountains, shop
D:7:      lemuel_temple_firewalk_b, gammafunk_ghost_stat_death
D:8:      uniq_psyche, uniq_harold
D:9:      grunt_dithmenos_smoke, grunt_qazlal_sundering, dpeg_lair_monsters,
          grunt_ogre_cave
Temple:   cyrus_temple_forest

Skill      XL: |  1  2  3  4  5  6  7  8  9 10 11 |
---------------+----------------------------------+-----
Invocations    | 1 2 3 4 5 6 |  6.6
Short Blades   | 1 2 3 4 5 6 |  6.0
Axes           | 1 2 3 4 5 6 |  6.0
Maces & Flails | 1 2 3 4 5 6 |  6.0
Polearms       | 1 2 3 4 5 6 |  6.0
Slings         | 1 2 3 4 5 6 |  6.0
Bows           | 1 2 3 4 5 6 |  6.0
Crossbows      | 1 2 3 4 5 6 |  6.0
Armour         | 1 2 3 4 5 6 |  6.0
Unarmed Combat | 1 2 3 4 5 6 |  6.0
Spellcasting   | 1 2 3 4 5 6 |  6.0
Evocations     | 1 2 3 4 5 6 |  6.0
Staves         | 3 4 5 6 |  6.6
Throwing       | 3 4 5 6 |  6.6
Dodging        | 3 4 5 6 |  6.6
Stealth        | 3 4 5 6 |  6.5
Shields        | 3 4 5 6 |  6.6
Conjurations   | 1 2 3 4 5 |  5.0
Hexes          | 1 2 3 4 5 |  5.0
Charms         | 1 2 3 4 5 |  5.0
Summonings     | 1 2 3 4 5 |  5.0
Necromancy     | 1 2 3 4 5 |  5.0
Translocations | 1 2 3 4 5 |  5.0
Transmutations | 1 2 3 4 5 |  5.0
Fire Magic     | 1 2 3 4 5 |  5.0
Ice Magic      | 1 2 3 4 5 |  5.0
Air Magic      | 1 2 3 4 5 |  5.0
Earth Magic    | 1 2 3 4 5 |  5.0
Poison Magic   | 1 2 3 4 5 |  5.0
Long Blades    | 5 6 7 |  7.6
Fighting       | 7 8 9 |  9.0

Action                   |  1- 3 |  4- 6 |  7- 9 | 10-12 || total
-------------------------+-------+-------+-------+-------++-------
Melee: Falchion          |    60 |    74 |   212 |       ||   346
       Bite              |     4 |    10 |    38 |    17 ||    69
       Punch             |       |     1 |     2 |     3 ||     6
       War axe           |       |       |    43 |    85 ||   128
 Fire: Hunting sling     |    25 |    58 |    86 |       ||   169
Throw: Stone             |     5 |       |       |       ||     5
       Javelin           |       |       |       |    17 ||    17
Invok: Heroism           |       |       |       |     4 ||     4
Evoke: Wand              |       |       |     2 |       ||     2
  Use: Scroll            |     5 |     6 |     7 |       ||    18
       Potion            |       |     1 |       |     2 ||     3
 Stab: Sleeping          |     2 |       |       |       ||     2
       Paralysed         |       |       |     3 |       ||     3
  Eat: Chunk             |     1 |     9 |     9 |     4 ||    23
       Ration            |       |       |     2 |       ||     2
Armor: Ring mail         |    23 |     8 |       |       ||    31
       Robe              |     2 |       |       |       ||     2
       Chain mail        |       |    18 |   136 |    15 ||   169
       Scale mail        |       |     4 |       |       ||     4
       Plate armour      |       |       |       |    21 ||    21
Dodge: Dodged            |    29 |    35 |   116 |    31 ||   211
Block: Other             |       |       |    31 |    12 ||    43
       Rpst.: Falchion   |     4 |     9 |    24 |       ||    37

Table legend:
 A = Non-vault XP
 B = Vault XP
 C = Vault XP percentage of total XP
 D = Non-vault monster count
 E = Vault monster count
 F = Vault count percentage of total count
                 A         B        C        D         E       F
            +---------+---------+-------+---------+---------+-------
      Total |    4319 |    7340 |  63.0 |     147 |      22 |  13.0
            +---------+---------+-------+---------+---------+-------
        D:1 |      29 |       0 |   0.0 |      14 |       0 |   0.0
        D:2 |      99 |       2 |   2.0 |      27 |       1 |   3.6
        D:3 |     477 |       0 |   0.0 |      28 |       0 |   0.0
        D:4 |     329 |       0 |   0.0 |       8 |       0 |   0.0
        D:5 |      50 |     519 |  91.2 |       3 |      12 |  80.0
        D:6 |     685 |       0 |   0.0 |      16 |       0 |   0.0
        D:7 |     403 |       0 |   0.0 |      12 |       0 |   0.0
        D:8 |    1411 |    1468 |  51.0 |      22 |       2 |   8.3
        D:9 |     836 |    5351 |  86.5 |      17 |       7 |  29.2
            +---------+---------+-------+---------+---------+-------

Table legend:
 A = Turns spent in this place as a percentage of turns spent in the entire game.
 B = Non-inter-level travel turns spent in this place as a percentage of non-inter-level travel turns spent in the entire game.
 C = Inter-level travel turns spent in this place as a percentage of turns spent in this place.
 D = Turns resting spent in this place as a percentage of non-inter-level travel turns spent in this place.
 E = Turns spent auto-exploring this place as a percentage of non-inter-level travel turns spent in this place.
 F = Non-inter-level travel turns spent in this place divided by the number of levels of this place that you've seen.
                   A       B       C       D       E      F
               +-------+-------+-------+-------+-------+----------------------
         Total | 100.0 | 100.0 |   4.2 |  22.5 |  45.7 | 998.3
       Dungeon |  99.0 |  99.4 |   3.8 |  22.6 |  45.5 | 1102.7
        Temple |   1.0 |   0.6 |  40.4 |   0.0 |  84.7 |  59.0
               +-------+-------+-------+-------+-------+----------------------

Vault maps used:
D:1:      dpeg_arrival_shelter
D:2:      marbit_many_paths, nemelex_altar_shiori, serial_forest,
          infiniplex_forest_lined_corner, infiniplex_forest_clump_tiny,
          infiniplex_forest_clump_diagonal, infiniplex_forest_lined_3,
          infiniplex_forest_lined_3, infiniplex_forest_zigzag_1,
          infiniplex_forest_end_2, infiniplex_forest_straight_2
D:3:      lemuel_coloured_pillars_altar, hangedman_decor_push,
          amethyst_killhole, dk_noncrumbling_4, lemuel_angel_altar
D:4:      grunt_temple_overflow_holy_war,
          chequers_temple_overflow_statue_of_worship, first_ration,
          kb_xom_exploding_sheep
D:5:      cheibrodos_fzero, grunt_temple_overflow_open, serial_shops,
          nicolae_shop_waterfront, bh_chokoban, uniq_crazy_yiuf_cottage
D:6:      serial_shops, shop, shop, shop,
          nicolae_shop_temple_entry_statues_fountains, shop
D:7:      lemuel_temple_firewalk_b, gammafunk_ghost_stat_death
D:8:      uniq_psyche, uniq_harold
D:9:      grunt_dithmenos_smoke, grunt_qazlal_sundering, dpeg_lair_monsters,
          grunt_ogre_cave
Temple:   cyrus_temple_forest
